Map: Equilibrium LE

Players

Crag - Winner!

  • Race: Protoss Protoss
  • Spawn Location: 1:00

VOD

Have the link to the VOD?

Description

Time

  • Played on: Dec. 13, 2023, 1:40 p.m.
  • Length: 8:33
Show
View Real Time Build Order
Export as new Build Order

Crag Protoss - Winner!

Build Orders:  

Get SALT Encoding   

  12  0:05  Probe (Chrono Boost)  
  14  0:22  Probe (Chrono Boost)  
  14  0:24  Pylon  
  14  0:39  Probe (Chrono Boost)  
  15  0:52  Gateway  
  15  0:56  Probe (Chrono Boost)  
  15  0:59  Assimilator  
  16  1:08  Probe (Chrono Boost)  
  9  1:20  Probe (Chrono Boost)  
  18  1:35  Probe (Chrono Boost)  
  20  1:52  Probe (Chrono Boost)  
  20  1:59  Nexus  
  20  2:09  Probe (Chrono Boost)  
  21  2:17  Cybernetics Core  
  21  2:29  Assimilator  
  21  2:32  Pylon  
  21  2:39  Probe (Chrono Boost)  
  22  2:56  Probe (Chrono Boost)  
  23  3:09  Twilight Council  
  23  3:12  Stalker  
  23  3:13  Probe (Chrono Boost)  
  27  3:30  Probe (Chrono Boost)  
  27  3:45  Probe (Chrono Boost)  
  27  3:47  Probe (Chrono Boost)  
  29  3:55  Zealot  
  32  4:02  Probe (Chrono Boost)  
  32  4:04  Probe (Chrono Boost)  
  33  4:27  Robotics Facility  
  33  4:33  Probe x2 (Chrono Boost)  
  35  4:45  Warp Gate  
  35  4:48  Zealot  
  39  4:50  Probe x2 (Chrono Boost)  
  39  4:57  Pylon  
  41  5:12  Probe x2 (Chrono Boost)  
  41  5:21  Charge  
  41  5:22  Dark Shrine  
  41  5:33  Warp Prism  
  41  5:38  Gateway  
  43  5:40  Gateway  
  43  5:42  Gateway  
  43  5:45  Gateway  
  43  5:48  Gateway  
  43  5:55  Pylon  
  45  6:00  Probe (Chrono Boost)  
  45  6:01  Probe (Chrono Boost)  
  45  6:17  Probe (Chrono Boost)  
  46  6:25  Gateway  
  46  6:31  Gateway  
  46  6:39  Pylon  
  46  7:09  Dark Templar  
  48  7:10  Dark Templar x3  
  48  7:13  Zealot x2  
  48  7:15  Archon  
  48  7:16  Archon  
  58  7:30  Gateway  
  58  7:31  Gateway  
  56  7:42  Dark Templar  
  58  7:50  Zealot  
  58  7:53  Zealot  
  62  8:02  Zealot  
  62  8:03  Zealot x3  
  70  8:27  Pylon  
  70  8:31  Pylon  
Tags
 
Add a new tag
Caveats
  • Supply blocks, unpowered buildings, or Contaminate may cause inaccurate times.
  • Supply counts are checked every 10 seconds.